cohdb
Replays
Latest Replays
All Replays
Popular Replays
Top Player Replays
Match Explorer
How It Works
Community
CoH3 Stats
Reddit
Sign in to upload your games and track your stats! →
Sign in with Steam
Match 45693455
Unlisted
Match 45693455
Overview
Messages
Build Orders
End
Construct Barracks
Selects Advanced Infantry Battlegroup
Riflemen Squad
Riflemen Squad
Riflemen Squad
Riflemen Squad
Air Support Center
M1918 Browning Automatic Rifles
Selects Convert to Ranger Squad
P-47 Strafing Run
Construct Medical Station
Grasshopper Recon Run
Construct Weapon Support Center
M3 Armored Personnel Carrier
M3 Armored Personnel Carrier
Selects Frontline Medical Station
Riflemen Squad
Grasshopper Recon Run
Frontline Medical Station
Grasshopper Recon Run
Engineer Squad
P-47 Dive Bomb
Grasshopper Recon Run
Convert to Ranger Squad
Grenade Package
P-47 Dive Bomb
Selects Ammunition Storage
Hunter
el campo
MaXiS
SMOKO
Jason_Beebe
HuntingEVER
0
0
Comments
sign in to comment!
No comments posted yet!